 Dungeon Crawl Stone Soup version 0.29-a0-323-g050149af67 (webtiles) character file.

Game seed: 9946249237378210919

28340 chopper the Spear-Bearer (level 13, -1/114 HPs)
             Began as a Minotaur Fighter on Apr 11, 2022.
             Was a High Priest of Okawaru.
             Slain by Rupert
             ... wielding a +0 vorpal great mace
              (2 damage)
             ... on level 1 of the Orcish Mines.
             The game lasted 02:00:36 (20609 turns).

chopper the Spear-Bearer (Minotaur Fighter)        Turns: 20609, Time: 02:00:36

Health: -1/114     AC: 29    Str: 22      XL:     13   Next: 9%
Magic:  12/12      EV:  8    Int:  4 (5)  God:    Okawaru [*****.]
Gold:   1614       SH:  7    Dex: 20      Spells: 12/12 levels left

rFire   . . .      SeeInvis .   O - +5 trident (freeze)
rCold   . . .      Faith    .   c - +0 buckler
rNeg    . . .      Spirit   .   o - +3 plate armour {rPois}
rPois   +          Reflect  .   V - +2 hat
rElec   .          Harm     .   M - +2 cloak
rCorr   .          Rampage  .   S - +2 pair of gloves
Will    .....                   k - +1 pair of boots
Stlth   ..........              T - amulet of the acrobat
HPRegen 0.00/turn               Q - +4 ring of protection
MPRegen 0.13/turn               N - +6 ring of dexterity

@: inhibited regen
A: horns 2, retaliatory headbutt, deformed body, inhibited regeneration
a: Renounce Religion, Heroism, Finesse, Duel


You were on level 1 of the Orcish Mines.
You worshipped Okawaru.
Okawaru was extremely pleased with you.
You visited 3 branches of the dungeon, and saw 15 of its levels.

You collected 1689 gold pieces.
You spent 75 gold pieces at shops.

Inventory:

Hand Weapons
 a - a +0 war axe
 g - a +2 flail of protection
 u - a +2 short sword of holy wrath
 v - a +4 antimagic trident
 A - a +2 whip of flaming
 C - a +0 dire flail of protection
 O - a +5 trident of freezing (weapon)
 W - a +0 vorpal long sword
Missiles
 Y - an atropa-tipped dart (quivered)
 Z - 7 boomerangs of dispersal
Armour
 c - a +0 buckler (worn)
 k - a +1 pair of boots (worn)
 o - a +3 plate armour of poison resistance (worn)
 M - a +2 cloak (worn)
 S - a +2 pair of gloves (worn)
 V - a +2 hat (worn)
Jewellery
 e - a ring of willpower
 l - a ring of protection from cold
 D - an amulet of reflection
 E - an amulet of magic regeneration
 H - a ring of poison resistance
 J - a ring of willpower
 N - a +6 ring of dexterity (right hand)
 Q - a +4 ring of protection (left hand)
 T - an amulet of the acrobat (around neck)
Wands
 z - a wand of polymorph (18)
 F - a wand of mindburst (18)
 L - a wand of flame (14)
Scrolls
 d - 2 scrolls of torment
 f - a scroll of fear {unknown}
 h - 2 scrolls of blinking
 j - a scroll of summoning
 m - 6 scrolls of teleportation
 w - 3 scrolls of fog
 x - a scroll of brand weapon {unknown}
 B - 2 scrolls of enchant weapon {unknown}
 G - a scroll of holy word {unknown}
 I - a scroll of amnesia {unknown}
 P - 2 scrolls of immolation {unknown}
 U - a scroll of acquirement {unknown}
 X - a scroll of silence {unknown}
Potions
 b - 6 potions of curing
 i - 5 potions of mutation
 n - a potion of might
 q - a potion of flight {unknown}
 r - 2 potions of haste {unknown}
 s - 4 potions of attraction
 t - 4 potions of lignification
 K - a potion of resistance {unknown}
 R - 2 potions of magic
Miscellaneous
 p - a condenser vane


   Skills:
 + Level 10.7 Fighting
 + Level 1.2 Short Blades
 + Level 10.7(13.6) Axes
 + Level 13.5(15.0) Polearms
 + Level 6.5 Throwing
 + Level 12.7 Armour
 + Level 2.3 Dodging
 + Level 2.7 Stealth
 + Level 10.2 Shields
 + Level 0.2 Invocations
 + Level 1.0 Evocations


You had 12 spell levels left.
You didn't know any spells.
Your spell library contained the following spells:

 Spells                   Type           Power      Damage    Failure   Level
 Magic Dart               Conj           0%         1d3       100%        1
 Ensorcelled Hibernation  Hex/Ice        0%         N/A       100%        2
 Confusing Touch          Hex            0%         N/A       100%        3
 Gell's Gravitas          Tloc           0%         N/A       100%        3
 Lesser Beckoning         Tloc           0%         N/A       100%        3
 Mephitic Cloud           Conj/Pois/Air  0%         N/A       100%        3
 Spider Form              Tmut/Pois      0%         N/A       100%        3
 Teleport Other           Tloc           0%         N/A       100%        3
 Anguish                  Hex/Necr       0%         N/A       100%        4
 Alistair's Intoxication  Tmut/Pois      0%         N/A       100%        5
 Borgnjor's Vile Clutch   Necr/Erth      0%         N/A       100%        5
 Yara's Violent Unravell  Hex/Tmut       0%         3d3       100%        5
 Eringya's Noxious Bog    Tmut/Pois      0%         N/A       100%        6
 Enfeeble                 Hex            0%         N/A       100%        7
 Call Imp                 Summ           Unusable   N/A       N/A         2

Dungeon Overview and Level Annotations

Branches:
Dungeon (12/15)            Temple (1/1) D:7             Orc (2/2) D:12
   Lair: D:8-11         Elf: Orc:2

Altars:
Ashenzari
Cheibriados
Dithmenos
Elyvilon
Fedhas
Gozag
Hepliaklqana
Kikubaaqudgha
Makhleb
Nemelex Xobeh
Okawaru
Qazlal
Sif Muna
Trog
Uskayaw
Vehumet
Wu Jian
Xom
Yredelemnul
Zin
The Shining One
Beogh

Shops:
D:6 !   Orc:2 ?

Annotations:
D:11 exclusion: oklob plant
Orc:1 3 runed translucent doors, Laraso's ghost, journeyman PaTm; Rupert


Innate Abilities, Weirdness & Mutations

You have a pair of horns on your head.
You reflexively headbutt those who attack you in melee.
Armour fits poorly on your strangely shaped body.
You do not regenerate when monsters are visible.


Message History

You hit Rupert. You freeze Rupert. You headbutt Rupert, but do no damage.
Rupert is severely wounded.
Rupert roars madly and goes into a rage!
Rupert goes berserk!
You feel less confused. Rupert barely misses you.
You hit Rupert. You freeze Rupert. You headbutt Rupert, but do no damage.
Rupert is severely wounded.
Rupert hits you with a +0 vorpal great mace.
You puncture Rupert! You freeze Rupert.
Rupert is severely wounded.
You hit Rupert. You freeze Rupert.
Rupert is severely wounded.
Rupert hits you with a +0 vorpal great mace.
You impale Rupert!! You freeze Rupert.
Rupert is almost dead.
You block Rupert's attack.
You closely miss Rupert. You headbutt Rupert!
Rupert is almost dead.
You block Rupert's attack.
You completely miss Rupert. Your headbutt misses Rupert.
Rupert is almost dead.
Rupert hits you with a +0 vorpal great mace!
You hit Rupert but do no damage. You headbutt Rupert.
Rupert is almost dead.
Rupert hits you but does no damage.
Unknown command.
You barely miss Rupert. You headbutt Rupert, but do no damage.
Rupert is almost dead.
Rupert hits you with a +0 vorpal great mace!!
* * * LOW HITPOINT WARNING * * *
x2 You puncture Rupert!
You freeze Rupert.
Rupert is almost dead.
Rupert hits you with a +0 vorpal great mace!
* * * LOW HITPOINT WARNING * * *
x2 You hit Rupert.
You freeze Rupert. You headbutt Rupert, but do no damage.
Rupert is almost dead.
Rupert hits you with a +0 vorpal great mace!
* * * LOW HITPOINT WARNING * * *
You die...

# ##.# # ##..## # #....# ###
##....#### ..######......#.#
[.#.##........#.###
[.................#########
#.[.......###....))#.##...##
##.......## #...@@>).#.8.8.#
#.[......####.....).'...._###
##...).[[..###.....###.8.8.#.##
#.[[).....##.........##...##..#
.)[##...^.[......#....#####..#
.)<####.........###..........##
.[))# ##......................#
...## ##.#.#.#..............##
..## #######..###+++###..##


You could see Rupert (berserk).

Vanquished Creatures
  An orc warlord (D:12)
  Snorg (D:12)
  An ettin (Orc:1)
  A boulder beetle (D:12)
  Fannar (Orc:1)
  11 two-headed ogres
  2 tengu warriors (D:12)
  The ghost of Laraso the Covert, a journeyman KoEn of Dithmenos (D:9)
  2 orc high priests (Orc:1)
  Sonja (D:10)
  Lodul (D:10)
  An orc knight (Orc:1)
  Pikel (D:4)
  An orc sorcerer (Orc:1)
  2 cyclopes
  A manticore (D:12)
  Joseph (D:9)
  A gargoyle (D:10)
  An unseen horror (D:11)
  An ice devil (D:8)
  4 trolls
  A shadow (D:10)
  3 wraiths
  A spriggan (D:8)
  21 yaks
  A steam dragon (D:10)
  A warg (Orc:1)
  Edmund (D:5)
  An acid dragon (D:10)
  2 water moccasins
  2 black bears (D:6)
  2 ice beasts (D:9)
  10 orc warriors
  A sky beast (D:6)
  9 ogres
  10 centaurs
  2 phantoms
  3 kobold brigands
  Blork the orc (D:5)
  2 necrophages
  A gnoll sergeant (D:8)
  A scorpion (D:4)
  7 wights
  8 killer bees
  4 howler monkeys
  2 electric eels (D:7)
  7 hounds
  9 orc priests
  2 jellies
  Ijyb (D:4)
  Terence (D:2)
  3 iguanas
  10 orc wizards
  3 centaur simulacra (D:9)
  Robin (D:4)
  19 gnolls
  10 adders
  2 shadow imps
  A white imp (D:7)
  A howler monkey simulacrum (D:9)
  2 ufetubi
  2 dart slugs (D:1)
  56 orcs
  6 endoplasms
  4 giant cockroaches
  13 goblins
  5 hobgoblins
  7 jackals
  23 kobolds
  5 quokkas
  9 ball pythons
  6 bats
  4 frilled lizards (D:1)
  7 rats
353 creatures vanquished.

Vanquished Creatures (others)
  Psyche (D:10)
  15 plants
  6 withered plants (D:10)
22 creatures vanquished.

Grand Total: 375 creatures vanquished

Notes
Turn   | Place    | Note
-------+----------+-------------------------------------------
     0 | D:1      | chopper the Minotaur Fighter began the quest for the Orb.
     0 | D:1      | Reached XP level 1. HP: 19/19 MP: 0/0
   215 | D:1      | Reached XP level 2. HP: 27/27 MP: 1/1
   653 | D:1      | Reached XP level 3. HP: 33/33 MP: 2/2
  1412 | D:2      | Noticed Terence
  1419 | D:2      | Killed Terence
  1420 | D:2      | Reached XP level 4. HP: 37/40 MP: 3/3
  1968 | D:3      | Reached XP level 5. HP: 45/46 MP: 4/4
  2133 | D:3      | Reached skill level 5 in Shields
  2173 | D:3      | Reached skill level 5 in Armour
  2240 | D:3      | Found a faded altar of an unknown god.
  2932 | D:4      | Noticed a water moccasin
  2939 | D:4      | Killed a water moccasin
  2940 | D:4      | Reached XP level 6. HP: 29/53 MP: 5/5
  3298 | D:4      | Noticed Robin
  3308 | D:4      | Killed Robin
  3568 | D:4      | Reached skill level 5 in Axes
  3643 | D:4      | Noticed Ijyb
  3649 | D:4      | Killed Ijyb
  3650 | D:4      | Noticed Pikel
  3689 | D:4      | Killed Pikel
  3690 | D:4      | Reached skill level 5 in Fighting
  3690 | D:4      | Reached skill level 1 in Stealth
  3690 | D:4      | Reached XP level 7. HP: 33/61 MP: 6/6
  4313 | D:4      | Reached XP level 8. HP: 63/69 MP: 7/7
  4927 | D:5      | Entered Level 5 of the Dungeon
  5060 | D:5      | Identified the +4 leather armour of an ice cave {rF+ rC-
                  | Str+4}
  5140 | D:5      | Noticed Blork the orc
  5151 | D:5      | Killed Blork the orc
  5317 | D:5      | Noticed Edmund
  5336 | D:5      | Reached skill level 1 in Dodging
  5336 | D:5      | Killed Edmund
  6305 | D:6      | Reached XP level 9. HP: 70/75 MP: 8/8
  6313 | D:6      | Reached skill level 10 in Axes
  6508 | D:6      | Found Vumoe's Distillery.
  6519 | D:6      | Found a burning altar of Makhleb.
  6522 | D:6      | Found an opulent altar of Gozag.
  6532 | D:6      | Found a hazy altar of Hepliaklqana.
  6532 | D:6      | Found a sparkling altar of Nemelex Xobeh.
  6533 | D:6      | Found a broken altar of Ashenzari.
  6535 | D:6      | Found a hide-covered altar of Uskayaw.
  6908 | D:6      | Bought a potion of heal wounds for 75 gold pieces
  7398 | D:7      | Found a shadowy altar of Dithmenos.
  7914 | D:7      | Found a basalt altar of Yredelemnul.
  8184 | D:7      | Found a staircase to the Ecumenical Temple.
  8194 | Temple   | Entered the Ecumenical Temple
  8260 | Temple   | Became a worshipper of Warmaster Okawaru
  8400 | D:7      | Found a glowing silver altar of Zin.
  8674 | D:8      | Identified the +5 trident of the Ageless Servitors {flame,
                  | rN+ MP+9 Dex-3}
  8714 | D:8      | Reached skill level 1 in Polearms
  8830 | D:8      | Reached skill level 1 in Short Blades
  8830 | D:8      | Reached skill level 2 in Polearms
  8833 | D:8      | Reached * piety under Okawaru
  8834 | D:8      | Reached skill level 3 in Polearms
  8844 | D:8      | Reached skill level 4 in Polearms
  9481 | D:8      | Reached XP level 10. HP: 42/86 MP: 9/9
  9840 | D:8      | Reached skill level 5 in Polearms
 10232 | D:8      | Reached ** piety under Okawaru
 10478 | D:9      | Noticed Laraso's ghost (journeyman KoEn)
 10507 | D:9      | Reached skill level 6 in Polearms
 10548 | D:9      | Noticed Joseph
 10551 | D:9      | Noticed a two-headed ogre
 10562 | D:9      | Killed Joseph
 10569 | D:9      | Killed a two-headed ogre
 10570 | D:9      | Reached skill level 7 in Polearms
 10788 | D:9      | Noticed a two-headed ogre
 10804 | D:9      | Killed a two-headed ogre
 10804 | D:9      | Reached *** piety under Okawaru
 10805 | D:9      | Reached skill level 1 in Throwing
 11123 | D:9      | Found a runed translucent gate.
 11125 | D:9      | Found a runed translucent gate.
 11126 | D:9      | Found a runed translucent gate.
 11193 | D:9      | Reached skill level 8 in Polearms
 11209 | D:9      | Reached skill level 9 in Polearms
 11214 | D:9      | Reached skill level 10 in Armour
 11219 | D:9      | Found a radiant altar of Vehumet.
 11993 | D:9      | Killed Laraso's ghost
 11993 | D:9      | Reached **** piety under Okawaru
 11994 | D:9      | Reached XP level 11. HP: 46/94 MP: 10/10
 12276 | D:9      | Got the ring of Jelar {Fire Will+}
 12340 | D:10     | Entered Level 10 of the Dungeon
 12465 | D:10     | Noticed Sonja
 12467 | D:10     | Noticed Psyche
 12499 | D:10     | Killed Psyche
 12503 | D:10     | Reached skill level 10 in Polearms
 12510 | D:10     | Killed Sonja
 13032 | D:10     | Found an ancient bone altar of Kikubaaqudgha.
 13501 | D:10     | Noticed a two-headed ogre
 13501 | D:10     | Noticed a two-headed ogre
 13501 | D:10     | Noticed a two-headed ogre
 13501 | D:10     | Noticed a two-headed ogre
 13501 | D:10     | Noticed a two-headed ogre
 13502 | D:10     | Noticed Lodul
 13502 | D:10     | Noticed a two-headed ogre
 13560 | D:10     | Killed a two-headed ogre
 13566 | D:10     | Killed a two-headed ogre
 13569 | D:10     | Killed a two-headed ogre
 13569 | D:10     | Reached ***** piety under Okawaru
 13577 | D:10     | Killed a two-headed ogre
 13578 | D:10     | Reached skill level 11 in Polearms
 13702 | D:10     | Noticed a two-headed ogre
 13743 | D:10     | Killed a two-headed ogre
 13902 | D:9      | Killed a two-headed ogre
 14344 | D:10     | Killed Lodul
 14344 | D:10     | Received a gift from Okawaru
 14551 | D:10     | Killed a two-headed ogre
 14789 | D:10     | Reached skill level 5 in Throwing
 14821 | D:10     | Found a blossoming altar of Fedhas.
 15016 | D:11     | Reached XP level 12. HP: 104/104 MP: 11/11
 15107 | D:11     | Identified the +5 ring mail of the Dungeon {Rampage +Inv
                  | rF- Str+2}
 15641 | D:11     | Noticed a two-headed ogre
 15649 | D:11     | Killed a two-headed ogre
 15951 | D:11     | Noticed a two-headed ogre
 15964 | D:11     | Killed a two-headed ogre
 15964 | D:11     | Identified the +4 scale mail "Raostrif" {Contam Dex+2
                  | Stlth+} (Okawaru gifted it to you on level 11 of the
                  | Dungeon)
 15964 | D:11     | Received a gift from Okawaru
 16373 | D:12     | Noticed a tengu warrior
 16384 | D:12     | Killed a tengu warrior
 16385 | D:12     | Reached skill level 12 in Polearms
 16545 | D:12     | Found a staircase to the Orcish Mines.
 16590 | D:12     | Noticed Snorg
 16603 | D:12     | Killed Snorg
 17147 | D:12     | Noticed a tengu warrior
 17160 | D:12     | Killed a tengu warrior
 17161 | D:12     | Reached skill level 10 in Fighting
 17239 | D:12     | Noticed a boulder beetle
 17784 | Orc:1    | Entered Level 1 of the Orcish Mines
 18268 | Orc:1    | Found a runed translucent gate.
 18268 | Orc:1    | Found a runed translucent gate.
 18272 | Orc:1    | Found a runed translucent gate.
 18272 | Orc:1    | Noticed Laraso's ghost (journeyman PaTm)
 18276 | Orc:1    | Noticed an orc high priest
 18594 | Orc:1    | Noticed an orc high priest
 18607 | Orc:1    | Killed an orc high priest
 18608 | Orc:1    | Reached skill level 13 in Polearms
 18608 | Orc:1    | Reached skill level 10 in Shields
 18834 | Orc:1    | Noticed Fannar
 19013 | Orc:1    | Noticed an orc high priest
 19086 | Orc:1    | Killed Fannar
 19141 | Orc:1    | Gained mutation: You do not regenerate when monsters are
                  | visible. [a neqoxec]
 19142 | Orc:1    | Gained mutation: Armour fits poorly on your strangely
                  | shaped body. [a neqoxec]
 19143 | Orc:1    | Killed an orc high priest
 19143 | Orc:1    | Received a gift from Okawaru
 19366 | Orc:1    | Noticed an ettin
 19377 | Orc:1    | Killed an ettin
 19708 | Orc:2    | Entered Level 2 of the Orcish Mines
 19708 | Orc:2    | Noticed an orc warlord
 19708 | Orc:2    | Found Nuskivec's Magic Scroll Boutique.
 19716 | Orc:2    | Noticed Rupert
 19717 | Orc:2    | Reached XP level 13. HP: 100/114 MP: 12/12
 20107 | D:12     | Killed an orc warlord
 20107 | D:12     | Received a gift from Okawaru
 20108 | D:12     | Reached skill level 1 in Evocations
 20609 | Orc:1    | HP: 1/114 [Rupert/+0 vorpal great mace (7)]
 20609 | Orc:1    | Slain by Rupert

Illustrated notes

Levels and vault maps discovered:
D:1:      beargit_arrival_greenhouse, layout_basic, serial_bayou_lake_a
D:2:      layout_loops_ring, uniq_terence
D:3:      layout_rooms, serial_corexii_hall, corexii_hall_statues_l,
          corexii_hall_statues_l, corexii_hall_statues_l,
          corexii_hall_statues_deadend, dreamdust_ecumenical_altar_statues
D:4:      layout_layer_cave, chequers_jeans, nicolae_figureground_sparkle,
          uniq_robin, uniq_ijyb, uniq_pikel
D:5:      layout_loops_ring, uniq_edmund, uniq_blork_the_orc
D:6:      layout_basic, minitemple, serial_shops, shop
D:7:      layout_gridville, zin_academy, nicolae_overflow_squiral,
          marbit_many_paths, temple_hall
D:8:      layout_rooms, amcnicky_mini_pool_small, the_hattery
D:9:      layout_gridville, vehumet_crystals, gammafunk_ghost_icy,
          feat_on_display, uniq_joseph
D:10:     layout_basic, grunt_temple_overflow_growth_and_decay, uniq_psyche,
          uniq_lodul, uniq_sonja
D:11:     layout_irregular_city, dpeg_oklobed_lair
D:12:     layout_roguey, orc_0_dummy, serial_glass, glass_columns_a,
          glass_columns_a, kennysheep_cluttered_room, uniq_snorg
Temple:   jpeg_temple_island
Orc:1:    layout_diamond_mine, gammafunk_ghost_split, nicolae_orc_pool_cavern,
          kennysheep_orc_chapel, uniq_fannar
Orc:2:    pf_orc_diabolical, layout_caves, serial_shops, nicolae_square_shop,
          nicolae_shop_waterfront, shop, nicolae_shop_crystal, shop,
          nicolae_orc_damp_corner, uniq_rupert

Skill      XL: |  1  2  3  4  5  6  7  8  9 10 11 12 13 |
---------------+----------------------------------------+-----
Shields        | 4 5 7 8 9 10 | 10.2
Armour         | 4 5 6 8 9 10 11 12 | 12.7
Fighting       | 4 5 6 7 8 9 10 | 10.7
Axes           | 3 4 7 9 10 | 10.7
Stealth        | 1 2 |  2.7
Dodging        | 1 2 |  2.3
Polearms       | 4 9 11 13 | 13.5
Short Blades   | 1 |  1.2
Throwing       | 1 5 6 |  6.5
Evocations     | 1 |  1.0
Invocations    | |  0.2

Action                   |  1- 3 |  4- 6 |  7- 9 | 10-12 | 13-15 || total
-------------------------+-------+-------+-------+-------+-------++-------
Melee: War axe           |    95 |   124 |   203 |       |       ||   422
       Headbutt          |    19 |    17 |    71 |   135 |    30 ||   272
       Trident           |       |       |    91 |   542 |    76 ||   709
       Short sword       |       |       |     9 |       |       ||     9
Throw: Boomerang         |       |     5 |     2 |   100 |       ||   107
       Javelin           |       |       |       |     7 |       ||     7
       Dart              |       |       |       |     3 |     2 ||     5
Invok: Heroism           |       |       |       |     1 |       ||     1
Evoke: Condenser vane    |       |       |       |     1 |       ||     1
       Wand              |       |       |       |     7 |       ||     7
  Use: Scroll            |       |     5 |     1 |    13 |       ||    19
       Potion            |       |     2 |       |     3 |       ||     5
 Stab: Confused          |       |       |       |     1 |       ||     1
       Invisible         |       |       |       |     1 |       ||     1
Armor: Scale mail        |     3 |       |       |       |       ||     3
       Chain mail        |    59 |    41 |       |       |       ||   100
       Plate armour      |       |    53 |   183 |   358 |    32 ||   626
       Skin              |       |       |    10 |       |       ||    10
Dodge: Dodged            |    38 |    43 |    83 |   279 |    23 ||   466
Block: Buckler           |    17 |    37 |   140 |   202 |    19 ||   415
       Reflection        |       |       |     5 |       |       ||     5

Table legend: (Time is in decaauts)
 A = Elapsed time spent in this place.
 B = Non-inter-level travel time spent in this place.
 C = Inter-level travel time spent in this place.
 D = Time resting spent in this place.
 E = Time spent auto-exploring this place.
 F = Levels seen in this place.
 G = Mean time per level.
                   A        B        C        D        E       F      G
               +--------+--------+--------+--------+--------+-----+--------+
         Total |  20620 |  20620 |      0 |   6861 |      0 |  15 | 1374.7 |
       Dungeon |  18422 |  18422 |      0 |   6062 |      0 |  12 | 1535.2 |
        Temple |    109 |    109 |      0 |      0 |      0 |   1 |  109.0 |
  Orcish Mines |   2089 |   2089 |      0 |    799 |      0 |   2 | 1044.5 |
               +--------+--------+--------+--------+--------+-----+--------+

Top non-repeatable levels by time:
     D:4: 2368 daAuts
     D:9: 2322 daAuts
   Orc:1: 2071 daAuts
    D:10: 2064 daAuts
     D:7: 1913 daAuts
    D:12: 1849 daAuts
    D:11: 1551 daAuts
     D:8: 1432 daAuts
     D:1: 1113 daAuts
     D:6: 1107 daAuts
     D:5: 1104 daAuts
     D:2: 899 daAuts
     D:3: 694 daAuts
  Temple: 109 daAuts
   Orc:2: 17 daAuts
